 Dungeon Crawl Stone Soup version 0.30-a0-1016-gfb0d676c02 (webtiles) character file.

Game seed: 13298329258607014420

823 funkygono the Chopper (level 7, -2/62 HPs)
             Began as a Minotaur Fighter on Apr 6, 2023.
             Slain by a kobold brigand
             ... wielding a +0 dagger
              (3 damage)
             ... in a sewer.
             The game lasted 00:05:25 (3451 turns).

funkygono the Chopper (Minotaur Fighter)            Turns: 3451, Time: 00:05:25

Health: -2/62      AC:  8    Str: 22    XL:     7   Next: 63%
Magic:  6/6        EV: 10    Int:  5    God:
Gold:   181        SH:  5    Dex: 10    Spells: 6/6 levels left

rFire   . . .      SeeInvis .    a - +0 war axe
rCold   . . .      Faith    .    c - +0 buckler
rNeg    . . .      Spirit   .    b - +0 scale mail
rPois   .          Reflect  .    p - +0 hat
rElec   .          Rampage  .    (no cloak)
rCorr   .                        i - +0 pair of gloves
Will    .....                    (no boots) Stlth
                                 (no amulet)
HPRegen 0.30/turn                (no ring)
MPRegen 0.10/turn                (no ring)

@: very slow
A: horns 2, retaliatory headbutt
a: no special abilities


You were in a sewer.
You visited 1 branch of the dungeon, and saw 5 of its levels.
You also visited: Sewer.

You collected 181 gold pieces.

Inventory:

Hand Weapons
 a - a +0 war axe (weapon)
Missiles
 n - 5 boomerangs (quivered)
 t - 4 silver javelins
 v - 12 poisoned darts
Armour
 b - a +0 scale mail (worn)
 c - a +0 buckler (worn)
 i - a +0 pair of gloves (worn)
 p - a +0 hat (worn)
Wands
 u - a wand of flame (14)
Scrolls
 e - 4 scrolls of teleportation {unknown}
 j - 4 scrolls of identify {unknown}
 k - a scroll of butterflies {unknown}
 l - a scroll of torment {unknown}
 o - a scroll of amnesia {unknown}
 s - a scroll of brand weapon {unknown}
Potions
 d - a potion of brilliance
 f - 2 potions of cancellation
 g - 2 potions of degeneration {unknown}
 h - a potion of heal wounds {unknown}
 m - a potion of lignification {unknown}
 q - a potion of flight {unknown}
 r - 2 potions of mutation {unknown}
 w - a potion of might


   Skills:
 + Level 5.9 Fighting
 + Level 7.0 Axes
 + Level 5.7 Armour
 + Level 2.3 Dodging
 + Level 0.1 Stealth
 + Level 5.0 Shields


You had 6 spell levels left.
You didn't know any spells.
Your spell library contained the following spells:

 Spells                   Type           Power      Damage    Failure   Level
 Magic Dart               Conj           0%         1d3       86%         1
 Searing Ray              Conj           0%         2d4       95%         2
 Sublimation of Blood     Necr           0%         N/A       95%         2
 Wereblood                Tmut           0%         N/A       95%         2
 Fulminant Prism          Conj/Hex       0%         3d5       100%        4
 Summon Hydra             Summ           0%         N/A       100%        7


Dungeon Overview and Level Annotations

Branches:
Dungeon (6/15)              Sewer (1/1)
 Temple: D:4-7

Altars:
Fedhas

Shops:
D:3 *


Innate Abilities, Weirdness & Mutations

You have a pair of horns on your head.
You reflexively headbutt those who attack you in melee.


Message History

The kobold brigand completely misses you.
The kobold brigand barely misses you. You block the rat's attack.
You closely miss the kobold brigand. You barely miss the rat.
You feel very sick.
The kobold brigand hits you with a +0 dagger!
* * * LOW HITPOINT WARNING * * *
The rat misses you.
The kobold brigand splashes around in the water.
The rat splashes around in the water.
Your unstable footing causes you to fumble your attack.
* * * LOW HITPOINT WARNING * * *
You feel very sick. The kobold brigand closely misses you.
You furiously retaliate!
You headbutt the kobold brigand. The rat barely misses you.
The kobold brigand hits you but does no damage.
You slash the kobold brigand!
The kobold brigand is heavily wounded.
You hit the rat.
You kill the rat!
You feel very sick.
The kobold brigand completely misses you.
Your Axes skill increases to level 7!
Your unstable footing causes you to fumble your attack.
You feel sick.
The kobold brigand hits you but does no damage.
The kobold brigand splashes around in the water.
Your unstable footing causes you to fumble your attack.
You feel sick. You block the kobold brigand's attack.
The kobold brigand hits you with a +0 dagger.
* * * LOW HITPOINT WARNING * * *
It was a potion of cancellation.
Your magical effects are unravelling.
You feel magically purged.
You feel yourself speed up.
* * * LOW HITPOINT WARNING * * *
You feel sick.
You are no longer poisoned.
The kobold brigand splashes around in the water.
The kobold brigand hits you with a +0 dagger.
You die...

#~~.# #~~.# #.~.#
####### #..~.
#.~~~~##### #.~~.
#####~.~.~########.~~
#.~~†~###~~..~~~####.
####### #~~~~~~..# ##
#.~K@~###~~.~~.~~####
#####~~~~~####~.~~##~
#.~~~~##### ##~~~~..
####### ##~.~.~
#~.~.. #~~~~~ #~~...
####### ##~~~~~
#.~~~~##### ##~~~.~.


You could see a kobold brigand.

Vanquished Creatures
  Sigmund (D:2)
  A black bear (D:5)
  4 kobold brigands (Sewer)
  2 hounds (D:5)
  Ijyb (D:5)
  An orc wizard (D:3)
  8 adders
  2 river rats
  A shadow imp (D:5)
  4 worms
  3 dart slugs
  2 orcs (D:3)
  8 endoplasms
  6 giant cockroaches
  2 goblins (D:1)
  6 hobgoblins
  5 jackals
  2 quokkas (D:5)
  10 ball pythons
  5 bats
  3 frilled lizards
  6 kobolds
  3 rats
86 creatures vanquished.

Vanquished Creatures (others)
  A fungus (D:5)
  3 plants
4 creatures vanquished.

Grand Total: 90 creatures vanquished

Notes
Turn   | Place    | Note
-------+----------+-------------------------------------------
     0 | D:1      | funkygono the Minotaur Fighter began the quest for the Orb.
     0 | D:1      | Reached XP level 1. HP: 19/19 MP: 0/0
   131 | D:1      | Reached XP level 2. HP: 22/27 MP: 1/1
   301 | D:1      | Reached skill level 3 in Axes
   701 | D:2      | Reached XP level 3. HP: 33/33 MP: 2/2
   830 | D:2      | Noticed Sigmund
   838 | D:2      | Killed Sigmund
   839 | D:2      | Reached skill level 4 in Axes
   839 | D:2      | Reached skill level 1 in Dodging
   839 | D:2      | Reached XP level 4. HP: 6/41 MP: 3/3
   839 | D:2      | Reached XP level 5. HP: 8/47 MP: 4/4
  1455 | D:2      | Found a faded altar of an unknown god.
  1931 | D:2      | Reached skill level 5 in Axes
  2055 | D:3      | Found Inasmine's Assorted Antiques.
  2170 | D:3      | You fall into a shaft and drop 3 floors!
  2179 | D:5      | Entered Level 5 of the Dungeon
  2236 | D:5      | Noticed a black bear
  2245 | D:5      | Killed a black bear
  2246 | D:5      | Reached skill level 5 in Fighting
  2246 | D:5      | Reached skill level 5 in Armour
  2246 | D:5      | Reached XP level 6. HP: 50/56 MP: 5/5
  2383 | D:5      | Found a blossoming altar of Fedhas.
  2567 | D:5      | Noticed Ijyb
  2578 | D:5      | Killed Ijyb
  2687 | D:5      | Found a glowing drain.
  2706 | Sewer    | Entered a sewer
  2763 | Sewer    | Reached skill level 6 in Axes
  2857 | Sewer    | Reached XP level 7. HP: 40/61 MP: 6/6
  3346 | Sewer    | Reached skill level 5 in Shields
  3449 | Sewer    | Reached skill level 7 in Axes
  3450 | Sewer    | HP: 2/62 [kobold brigand/+0 dagger (2)]
  3451 | Sewer    | Slain by a kobold brigand

Illustrated notes

Levels and vault maps discovered:
D:1:      onia_arrival_mini_maze_b, layout_loops_cross, serial_glass,
          glass_columns_a, glass_columns_a
D:2:      minmay_door_path, layout_basic,
          shapermc_ecumenical_altar_starsandcircs, uniq_sigmund
D:3:      layout_basic, serial_shops, nicolae_shop_crystal
D:5:      layout_loops_cross, fedhas_altar_3, gup_sewer_entry_bubbles, uniq_ijyb
D:6:      minmay_chambers_of_sixes, layout_loops_ring, lemuel_doored_altar,
          grunt_temple_overflow_diamond, minmay_temple_entry_proselytizer,
          kennysheep_generic_room_12, uniq_pikel
Sewer:    sewer_co_tree

Skill      XL: |  1  2  3  4  5  6  7 |
---------------+----------------------+-----
Armour         | 4 5 |  5.7
Axes           | 3 4 5 6 7 |  7.0
Fighting       | 4 5 |  5.9
Shields        | 4 5 |  5.0
Dodging        | 1 2 |  2.3
Stealth        | |  0.1

Action                     |  1- 3 |  4- 6 |  7- 9 || total
---------------------------+-------+-------+-------++-------
  Melee: War axe           |    55 |   103 |    67 ||   225
         Headbutt          |     8 |     7 |    10 ||    25
    Use: Potion            |     1 |       |     1 ||     2
 Armour: Scale mail        |    30 |    41 |    29 ||   100
  Dodge: Dodged            |    25 |    62 |    37 ||   124
  Block: Buckler           |     8 |    19 |    11 ||    38

Table legend: (Time is in decaauts)
 A = Elapsed time spent in this place.
 B = Non-inter-level travel time spent in this place.
 C = Inter-level travel time spent in this place.
 D = Time resting spent in this place.
 E = Time spent auto-exploring this place.
 F = Levels seen in this place.
 G = Mean time per level.
                   A        B        C        D        E       F      G
               +--------+--------+--------+--------+--------+-----+--------+
         Total |   3688 |   3582 |    106 |    317 |   2288 |   6 |  614.7 |
       Dungeon |   2765 |   2659 |    106 |    317 |   1609 |   5 |  553.0 |
         Sewer |    922 |    922 |      0 |      0 |    679 |   1 |  922.0 |
               +--------+--------+--------+--------+--------+-----+--------+

Top non-repeatable levels by time:
     D:2: 1310 daAuts
   Sewer: 922 daAuts
     D:1: 706 daAuts
     D:5: 556 daAuts
     D:3: 183 daAuts
     D:6: 8 daAuts
